 Dungeon Crawl Stone Soup version 0.31.0-11-ge490571c62 (webtiles) character file.

Game seed: 6054792583666847980

42 Drazool the Ruffian (level 3, -3/31 HPs)
             Began as a Naga Shapeshifter on Jan 28, 2024.
             Slain by Terence
             ... wielding a +1 falchion of freezing
              (6 damage)
             ... on level 2 of the Dungeon.
             The game lasted 00:03:04 (1189 turns).

Drazool the Ruffian (Naga Shapeshifter)             Turns: 1189, Time: 00:03:05

Health: -3/31      AC:  2    Str: 16    XL:     3   Next: 54%
Magic:  3/3        EV: 10    Int: 10    God:
Gold:   34         SH:  0    Dex: 12    Spells: 2/2 levels left

rFire   . .          .
                       - Unarmed
rCold   . . .        (no shield)
rNeg    . . .        a - +0 animal skin
rPois   +            (helmet currently unavailable)
rElec   .            (cloak currently unavailable)
rCorr   .            (gloves currently unavailable)
SInv    +            (no barding)
Will    .....        (no amulet)
Stlth   +            (no ring)
HPRegen 0.25/turn    (no ring)
MPRegen 0.08/turn

%: no passive effects
@: beast-form, very slow
A: beast (slay +1), AC +1, large, see invisible, deformed body, poison
resistance, slowness 2, spit poison 1, naga tail 1
a: Spit Poison, Begin Untransformation


You were on level 2 of the Dungeon.
You were a hulking beast.
You visited 1 branch of the dungeon, and saw 2 of its levels.

You collected 34 gold pieces.


Innate Abilities, Weirdness & Mutations

You are a hulking beast.
Your limbs bulge with bestial killing power. (Slay +1)
Your serpentine skin is tough. (AC +1)
You have supernaturally acute eyesight. (SInv)
Armour fits poorly on your strangely shaped body.
Your system is resistant to poisons. (rPois)
You cover ground very slowly.
You can spit poison.
You have a snake-like lower body.


   Skills:
 - Level 1.0 Fighting
 - Level 1.5 Dodging
 + Level 4.4 Unarmed Combat
 - Level 3.0 Shapeshifting


You had 2 spell levels left.
You didn't know any spells.
Your spell library was empty.

Inventory:

Armour
 a - a +0 animal skin (worn)
Talismans
 c - a beast talisman
 d - a flux talisman
Scrolls
 e - a scroll of noise {unknown}
 g - a scroll of identify {unknown}
 h - a scroll of enchant weapon {unknown}
 i - a scroll of immolation {unknown}
Potions
 b - 2 potions of lignification
 f - 2 potions of curing {unknown}
 j - 2 potions of attraction {unknown}
 k - a potion of might {unknown}

Dungeon Overview and Level Annotations

Branches:
Dungeon (2/15)

Altars:

Annotations:
D:2 Sigmund, Terence

#.##########
#.#........ .........#
#.......#
#.......##############
#.......##.~~≈≈≈≈≈≈~.#
#.......#...~~~~≈~~...
#####h#.#...).........
#@#...............
#S###........).... #J#
#...~~~≈≈~~... #.#
##.~~~≈≈≈≈≈~.# ..#
############# ..# ..#


You could see Terence, an adder and an endoplasm.


Message History

You closely miss Terence.
Terence is heavily wounded.
Terence hits you with a +1 falchion of freezing.
* * * LOW HITPOINT WARNING * * *
Terence freezes you.
* * * LOW HITPOINT WARNING * * *
Unknown command.
You hit Terence but do no damage.
Terence is heavily wounded.
Terence closely misses you.
You barely miss Terence.
Terence is heavily wounded.
Terence hits you with a +1 falchion of freezing.
* * * LOW HITPOINT WARNING * * *
Terence freezes you.
* * * LOW HITPOINT WARNING * * *
Unknown command.
You hit Terence.
Terence is severely wounded.
Terence misses you.
Unknown command.
You barely miss Terence.
Terence is severely wounded.
Terence misses you.
Unknown command.
You hit Terence.
Terence is almost dead.
Terence hits you with a +1 falchion of freezing.
You die...
Terence says, "That felt goooood."

Skill      XL: |  1  2 |
---------------+-------+-----
Unarmed Combat | 4 |  4.4
Fighting       | |  1.0
Dodging        | |  1.5
Shapeshifting  | |  3.0

Action                     || total
---------------------------++-------
  Melee: Unarmed           ||    57
Ability: Spit Poison       ||    32
 Armour: Animal skin       ||    35
  Dodge: Dodged            ||    20

Levels and vault maps discovered:
D:1:      dpeg_arrival_lava_temple_mockup, layout_loops_ring
D:2:      minmay_kobold_bridge, layout_rooms,
          shapermc_ecumenical_altar_mp_highgroup, bh_walls_and_bars,
          uniq_sigmund, uniq_robin, uniq_natasha, uniq_terence,
          uniq_crazy_yiuf_cottage

Notes
Turn   | Place    | Note
-------+----------+-------------------------------------------
     0 | D:1      | Drazool the Naga Shapeshifter began the quest for the Orb.
     0 | D:1      | Reached XP level 1. HP: 18/18 MP: 1/1
   166 | D:1      | Reached XP level 2. HP: 25/25 MP: 2/2
   490 | D:1      | Reached skill level 4 in Unarmed Combat
   681 | D:2      | Noticed Sigmund
   756 | D:2      | Reached XP level 3. HP: 16/31 MP: 3/3
   921 | D:2      | Found a faded altar of an unknown god.
  1178 | D:2      | Noticed Terence
  1186 | D:2      | HP: 2/31 [Terence/+1 falchion of freezing (3)]
  1189 | D:2      | Slain by Terence

Vanquished Creatures
  2 dart slugs (D:2)
  6 bats
  3 endoplasms (D:1)
  4 goblins
  A hobgoblin (D:1)
  2 quokkas
  A ball python (D:1)
  2 frilled lizards (D:1)
  8 kobolds
  7 rats
36 creatures vanquished.

Table legend: (Time is in decaauts)
 A = Elapsed time spent in this place.
 B = Non-inter-level travel time spent in this place.
 C = Inter-level travel time spent in this place.
 D = Time resting spent in this place.
 E = Time spent auto-exploring this place.
 F = Levels seen in this place.
 G = Mean time per level.
                   A        B        C        D        E       F      G
               +--------+--------+--------+--------+--------+-----+--------+
         Total |   1490 |   1483 |      7 |    244 |    966 |   2 |  745.0 |
       Dungeon |   1490 |   1483 |      7 |    244 |    966 |   2 |  745.0 |
               +--------+--------+--------+--------+--------+-----+--------+

Top non-repeatable levels by time:
     D:1: 971 daAuts
     D:2: 518 daAuts

Table legend:
 A = Non-vault XP
 B = Vault XP
 C = Vault XP percentage of total XP
 D = Non-vault monster count
 E = Vault monster count
 F = Vault count percentage of total count
                 A         B        C        D         E       F
            +---------+---------+-------+---------+---------+-------
      Total |      53 |       7 |  11.7 |      32 |       4 |  11.1
            +---------+---------+-------+---------+---------+-------
        D:1 |      31 |       0 |   0.0 |      21 |       0 |   0.0
        D:2 |      22 |       7 |  24.1 |      11 |       4 |  26.7
            +---------+---------+-------+---------+---------+-------
